 Dungeon Crawl Stone Soup version 0.26-a0-227-g1af32d979d (webtiles) character file.

Game seed: 2039699877906772846

28 BritishOli the Slasher (level 3, 28/28 HPs)
             Began as a Demonspawn Gladiator on July 7, 2020.
             Got out of the dungeon alive.
             The game lasted 00:00:39 (908 turns).

BritishOli the Slasher (Demonspawn Gladiator)        Turns: 908, Time: 00:00:39

Health: 28/28      AC:  6    Str: 15    XL:     3   Next: 0%
Magic:  3/3        EV: 13    Int:  9    God:
Gold:   50         SH:  0    Dex: 14    Spells: 2/2 levels left

rFire    . . .     SeeInvis +   a - +0 long sword
rCold    . . .     Faith    .   (no shield)
rNeg     . . .     Spirit   .   b - +0 leather armour
rPois    .         Reflect  .   c - +0 helmet
rElec    .         Harm     .   (no cloak)
rCorr    .                      (no gloves)
MR       .....                  (no boots)
Stlth    ++........             (no amulet)
HPRegen  0.09/turn              g - ring of see invisible
MPRegen  0.08/turn              h - ring of wizardry

@: no status effects
A: slimy green scales 1, nightstalker 1
a: no special abilities


You escaped.
You were not hungry.

You visited 1 branch of the dungeon, and saw 2 of its levels.

You collected 50 gold pieces.

Inventory:

Hand Weapons
 a - a +0 long sword (weapon)
Missiles
 d - 3 throwing nets (quivered)
Armour
 b - a +0 leather armour (worn)
 c - a +0 helmet (worn)
Jewellery
 g - a ring of see invisible (left hand)
 h - a ring of wizardry (right hand)
 n - an uncursed amulet of the acrobat {unknown}
Scrolls
 i - 2 scrolls of blinking {unknown}
 j - 2 scrolls of fog {unknown}
 k - 2 scrolls of identify {unknown}
 o - a scroll of teleportation {unknown}
Potions
 e - 2 potions of stabbing {unknown}
 l - a potion of curing {unknown}
 m - a potion of haste {unknown}
Comestibles
 f - a ration


   Skills:
 + Level 2.3 Fighting
 + Level 2.9 Long Blades
 + Level 2.1 Throwing
 + Level 0.8 Armour
 + Level 2.9 Dodging


You had 2 spell levels left.
You didn't know any spells.
Your spell library was empty.

Dungeon Overview and Level Annotations

Branches:
Dungeon (2/15)

Altars:


Innate Abilities, Weirdness & Mutations

You are partially covered in slimy green scales. (AC +2)
You are slightly more attuned to the shadows.


Message History

You kill the adder!
You have reached level 3!
Your experience leads to an increase in your attributes!
Increase (S)trength, (I)ntelligence, or (D)exterity?
You feel stronger.
Your demonic ancestry asserts itself...
You slip into the darkness of the dungeon.
No target in view!
o - a scroll labeled JADYAXI ZIRUE No target in view!
Found 9 poisoned darts.
No target in view!
A jackal comes into view.
A jackal comes into view.
Found a ruby ring.
There is a stone staircase leading up here.
You climb upwards.
There is a stone staircase leading down here.
There is a staircase leading out of the dungeon here.
Are you sure you want to leave the Dungeon?
This will make you lose the game!
You have escaped!

####.##### #.# ##.#######
#.# ###........# #.#
.....#####.######### #.#
.....# #.#.#.#.#.## #.#
###### #.##.#.#.#.# #.#
#.#.#.#.#.######.#
#..#.#.#.#.......#
#######
##..#.#@#.########
#.....# ###.#.#.#.#
##.###.# #.#.#.#.## ...#
#.# ##.#.#.#.# ##.###.#
###...###
#.....#########..#
####.####.........#######
.....# #.....##........#
###### #####.#########.#


There were no monsters in sight!

Vanquished Creatures
  An adder (D:2)
  A bat (D:1)
  2 giant cockroaches (D:1)
  3 goblins (D:1)
  A hobgoblin (D:1)
  3 jackals (D:1)
  2 frilled lizards (D:1)
  3 kobolds (D:1)
  2 rats (D:1)
18 creatures vanquished.

Notes
Turn   | Place    | Note
-------+----------+-------------------------------------------
     0 | D:1      | BritishOli the Demonspawn Gladiator began the quest for the
                  | Orb.
     0 | D:1      | Reached XP level 1. HP: 16/16 MP: 1/1
   195 | D:1      | Gained mutation: You are partially covered in slimy green
                  | scales. (AC +2) [demonic ancestry]
   195 | D:1      | Reached XP level 2. HP: 22/22 MP: 2/2
   821 | D:2      | Gained mutation: You are slightly more attuned to the
                  | shadows. [demonic ancestry]
   821 | D:2      | Reached XP level 3. HP: 28/28 MP: 3/3
   908 | D:$      | Got out of the dungeon alive.

Illustrated notes

Levels and vault maps discovered:
D:1:      lightli_arrival_chessboard, layout_loops_ring
D:2:      layout_rooms

Skill      XL: |  1  2 |
---------------+-------+-----
Throwing       | 2 |  2.1
Fighting       | |  2.3
Long Blades    | |  2.9
Armour         | |  0.8
Dodging        | |  2.9

Action                   || total
-------------------------++-------
Melee: Long sword        ||    42
 Stab: Sleeping          ||     1
Armor: Leather armour    ||    17
Dodge: Dodged            ||    41
       Rpst.: Long sword ||    11

Table legend:
 A = Non-vault XP
 B = Vault XP
 C = Vault XP percentage of total XP
 D = Non-vault monster count
 E = Vault monster count
 F = Vault count percentage of total count
                 A         B        C        D         E       F
            +---------+---------+-------+---------+---------+-------
      Total |      41 |       0 |   0.0 |      18 |       0 |   0.0
            +---------+---------+-------+---------+---------+-------
        D:1 |      28 |       0 |   0.0 |      17 |       0 |   0.0
        D:2 |      13 |       0 |   0.0 |       1 |       0 |   0.0
            +---------+---------+-------+---------+---------+-------
